 Dungeon Crawl Stone Soup version 0.16.1-2-g95b8d4c (webtiles) character file.

938 Helmschank the Firebug (level 7, -4/36 HPs)
             Began as a Deep Elf Fire Elementalist on Mar 25, 2015.
             Shot with an arrow by a centaur (9 damage)
             ... on level 6 of the Dungeon.
             The game lasted 00:34:02 (6110 turns).

Helmschank the Firebug (Deep Elf Fire Elementalist) Turns: 6110, Time: 00:34:02

Health: -4/36      AC:  9    Str:  5    XL:     7   Next: 87%
Magic:  14/24      EV: 13    Int: 22    God:
Gold:   194        SH:  0    Dex: 15    Spells: 5 memorised, 4 levels left

rFire  . . .     SeeInvis .     w - +2 dagger (protect)
rCold  . . .     Clarity  .     I - +0 robe (curse)
rNeg   . . .     SustAb   .     (no shield)
rPois  +         Gourm    .     (no helmet)
rElec  .         Spirit   .     u - +0 cloak
rCorr  .         Warding  .     (no gloves)
rMut   .         Stasis   .     d - +0 pair of boots
MR     .....                    (no amulet)
Stlth  ++........               t - ring of teleport control
                                h - ring of poison resistance

@: very slightly contaminated, not resistant to hostile enchantments, unstealthy
A: no striking features
a: Evoke Teleport Control


You were on level 6 of the Dungeon.
You were very hungry.

You visited 2 branches of the dungeon, and saw 7 of its levels.

You collected 194 gold pieces.

Inventory:

Hand weapons
 e - a +1 hunting sling of evasion
 g - a +1 spear of freezing
 v - a +4 quarterstaff of chaos
 w - a +2 dagger of protection (weapon)
 E - a +2 falchion of holy wrath
Missiles
 f - 27 stones (quivered)
 x - 8 poisoned needles
Armour
 a - a +0 robe
 d - a +0 pair of boots (worn)
 u - a +0 cloak (worn)
 I - a cursed +0 robe (worn)
Jewellery
 h - a ring of poison resistance (left hand)
 t - a ring of teleport control (right hand)
Magical devices
 q - a wand of polymorph (9)
 G - a wand of random effects (31)
 H - a wand of disintegration (8)
Scrolls
 o - 2 scrolls of enchant weapon
 y - a scroll of fear
 F - 3 scrolls of remove curse
Potions
 i - a potion of flight
 j - a potion of cancellation
 k - 2 potions of resistance
 l - a potion of curing
 m - a potion of magic {unknown}
 n - a potion of restore abilities {unknown}
 r - a potion of beneficial mutation {unknown}
 s - a potion of might {unknown}
 A - a potion of lignification {unknown}
 B - 4 potions of haste {unknown}
 C - 2 potions of poison {unknown}
Books
 b - a book of Flames

   Spells                             Type                      Level
   a - Flame Tongue                   Conjuration/Fire             1
   b - Throw Flame                    Conjuration/Fire             2
   c - Conjure Flame                  Conjuration/Fire             3
   d - Inner Flame                    Hexes/Fire                   3
   e - Sticky Flame                   Conjuration/Fire             4
   f - Fireball                       Conjuration/Fire             5
Comestibles
 c - 3 bread rations
 p - 6 meat rations
 z - 8 fruits
 D - a slice of pizza


   Skills:
 - Level 2.4 Dodging
 - Level 2.4 Stealth
 - Level 6.9 Spellcasting
 + Level 5.4 Conjurations
 * Level 7.1 Fire Magic


You had 4 spell levels left.
You knew the following spells:

 Your Spells              Type           Power        Failure   Level  Hunger
a - Throw Flame           Conj/Fire      #####.       1%          2    None
f - Fireball              Conj/Fire      #####.....   17%         5    #####..
h - Conjure Flame         Conj/Fire      #####...     1%          3    None
s - Sticky Flame          Conj/Fire      #####...     8%          4    ###....
z - Flame Tongue          Conj/Fire      #####        1%          1    None


Dungeon Overview and Level Annotations

Branches:
Dungeon (6/15)             Temple (1/1) D:4

Altars:
Ashenzari
Cheibriados
Gozag
Makhleb
Nemelex Xobeh
Okawaru
Qazlal
Ru
Xom
Yredelemnul


Message History

The centaur shoots an arrow.
The arrow hits you.
You see here an arrow.
Casting: Fireball
Confirm with . or Enter, or press ? or * to list all spells.
Aiming: Fireball
Press: ? - help, Shift-Dir - straight line The fireball explodes!
The fireball engulfs the centaur.
The centaur is heavily wounded.
You are feeling very hungry.
The centaur shoots an arrow.
The arrow hits you!
The centaur shoots an arrow.
The arrow hits you.
* * * LOW HITPOINT WARNING * * *
Casting: Fireball
Confirm with . or Enter, or press ? or * to list all spells.
Aiming: Fireball
Press: ? - help, Shift-Dir - straight line You miscast Fireball.
You are very lightly contaminated with residual magic.
Heat runs through your body.
The centaur shoots an arrow.
The arrow hits you!
You die...

.####.........##
## #...###....#
# ....# ##...##
.##.#
#....###### #
#.........#
#.....##..[#
##....# ..#
..###...(# .
........@#
#####......#
###.......
#.......#
##....##.#
#...## #..c#
.###. #


You could see a centaur.

Vanquished Creatures
  The ghost of mahalanobis the Digger, an average GrEE (D:3)
  A phantom (D:6)
  A sky beast (D:4)
  A centaur (D:6)
  Sigmund (D:2)
  A giant frog (D:5)
  A crimson imp (D:5)
  Crazy Yiuf (D:5)
  An orc priest (D:3)
  4 orc wizards
  2 worker ants
  Ijyb (D:2)
  5 adders
  A shadow imp (D:6)
  2 giant mites
  An adder skeleton (D:1)
  2 oozes
  14 orcs
  2 bat zombies
  5 giant cockroaches
  13 hobgoblins
  10 jackals
  7 kobolds
  4 ball pythons
  A ball python zombie (D:3)
  8 bats
  3 giant geckos
  A giant gecko skeleton (D:3)
  3 giant newts
  10 goblins
  7 rats
  A fungus (D:5)
116 creatures vanquished.

Notes
Turn   | Place    | Note
--------------------------------------------------------------
     0 | D:1      | Helmschank, the Deep Elf Fire Elementalist, began the quest for the Orb.
     0 | D:1      | Reached XP level 1. HP: 10/10 MP: 5/5
   539 | D:1      | Reached XP level 2. HP: 15/15 MP: 6/8
   547 | D:1      | Learned a level 2 spell: Throw Flame
  1132 | D:1      | Reached skill level 4 in Spellcasting
  1285 | D:1      | Reached XP level 3. HP: 19/19 MP: 5/12
  1290 | D:1      | Learned a level 3 spell: Conjure Flame
  1600 | D:2      | Reached XP level 4. HP: 8/24 MP: 6/16
  1728 | D:2      | Learned a level 4 spell: Sticky Flame
  1745 | D:2      | Noticed Sigmund
  1883 | D:2      | Killed Sigmund
  1883 | D:2      | Reached skill level 5 in Spellcasting
  1883 | D:2      | Reached XP level 5. HP: 28/28 MP: 6/19
  2017 | D:2      | Noticed Ijyb
  2025 | D:2      | Killed Ijyb
  2933 | D:3      | Reached skill level 6 in Spellcasting
  3008 | D:3      | Reached XP level 6. HP: 17/32 MP: 6/22
  3187 | D:3      | Noticed mahalanobis' ghost (average GrEE)
  3357 | D:2      | Learned a level 5 spell: Fireball
  3487 | D:3      | Killed mahalanobis' ghost
  4162 | D:4      | Found a staircase to the Ecumenical Temple.
  4173 | Temple   | Entered the Ecumenical Temple
  4388 | D:4      | Found a burning altar of Makhleb.
  4540 | D:4      | Reached skill level 5 in Fire Magic
  4639 | D:4      | Reached XP level 7. HP: 19/36 MP: 16/24
  4903 | D:5      | Entered Level 5 of the Dungeon
  5185 | D:5      | Noticed Crazy Yiuf
  5187 | D:5      | Killed Crazy Yiuf
  5187 | D:5      | Reached skill level 5 in Conjurations
  5787 | D:6      | Found an iron altar of Okawaru.
  5893 | D:6      | Reached skill level 7 in Fire Magic
  6110 | D:6      | Shot with an arrow by a centaur

Action                   |  1- 3 |  4- 6 |  7- 9 || total
-------------------------+-------+-------+-------++-------
Melee: Spear             |       |     1 |     6 ||     7
       Dagger            |       |     3 |    17 ||    20
Throw: Stone             |     3 |     2 |       ||     5
 Cast: Flame Tongue      |    53 |    84 |    40 ||   177
       Throw Flame       |     4 |    25 |    10 ||    39
       Sticky Flame      |       |    16 |       ||    16
       Conjure Flame     |       |     2 |       ||     2
       Fireball          |       |       |     5 ||     5
  Use: Scroll            |       |       |    12 ||    12
  Eat: Chunk             |     2 |    10 |     5 ||    17
       Beef jerky        |       |     1 |       ||     1
